 Dungeon Crawl Stone Soup version 0.23.2-1-ga50397a (webtiles) character file.

Game seed: 13144917029498392687

94 GEC the Cudgeler (level 4, -6/46 HPs)
             Began as an Ogre Gladiator on May 19, 2019.
             Killed from afar by Natasha (11 damage)
             ... with a magic dart
             ... on level 2 of the Dungeon.
             The game lasted 00:04:19 (2674 turns).

GEC the Cudgeler (Ogre Gladiator)                   Turns: 2674, Time: 00:04:20

Health: -6/46      AC:  0    Str: 19    XL:     4   Next: 63%
Magic:  4/4        EV: 21    Int:  9    God:
Gold:   76         SH:  0    Dex: 15    Spells: 3/3 levels left

rFire    . . .     SeeInvis .   (weapon currently unavailable)
rCold    . . .     Gourm    .   (shield currently unavailable)
rNeg     . . .     Faith    .   (armour currently unavailable)
rPois    .         Spirit   .   (helmet currently unavailable)
rElec    .         Reflect  .   (cloak currently unavailable)
rCorr    .         Harm     .   (gloves unavailable)
MR       .....                  (boots unavailable)
Stlth    ++........             (no amulet)
HPRegen  0.15/turn              (ring currently unavailable)
MPRegen  0.09/turn              (ring currently unavailable)

@: agile, pig-form (expiring), hasted, very quick
A: small, unfitting armour
a: no special abilities


You were on level 2 of the Dungeon.
You were hungry.
You were a filthy swine.
You visited 1 branch of the dungeon, and saw 2 of its levels.

You collected 76 gold pieces.

Inventory:

Hand Weapons
 a - a +0 flail (melded)
Missiles
 d - 3 throwing nets (quivered)
Armour
 b - a +0 robe (melded)
 c - a +0 hat (melded)
Scrolls
 e - 2 scrolls of teleportation {unknown}
 g - a scroll of fog {unknown}
 h - a scroll of blinking {unknown}
 j - a scroll of noise {unknown}
 l - a scroll of identify {unknown}
 m - a scroll of immolation {unknown}
 n - a scroll of fear {unknown}
Potions
 i - a potion of curing
Comestibles
 f - 2 rations
 p - a chunk of flesh


   Skills:
 + Level 3.6 Fighting
 * Level 3.6 Maces & Flails
 + Level 2.7 Throwing
 + Level 3.2 Dodging


You had 3 spell levels left.
You didn't know any spells.
Your spell library was empty.

Dungeon Overview and Level Annotations

Branches:
Dungeon (2/15)

Altars:

Annotations:
D:2 Natasha


Innate Abilities, Weirdness & Mutations

You are too large for most types of armour.
((You have tough skin. (AC +1)))


Message History

Natasha casts a spell at you. The magic dart hits you!
* * * LOW HITPOINT WARNING * * *
You barely miss Natasha.
Natasha is moderately wounded.
Natasha claws you!
* * * LOW HITPOINT WARNING * * *
You miss Natasha.
Natasha is moderately wounded.
Natasha misses you.
It was a potion of curing.
You feel better. Natasha claws you!
* * * LOW HITPOINT WARNING * * *
The crimson imp blinks!
It was a potion of agility.
You feel agile all of a sudden.
Your transformation is almost over.
Natasha completely misses you.
It was a potion of haste.
You feel yourself speed up. Natasha casts a spell at you.
The magic dart hits you!
You die...

## ##. ########## ##.#
#.h..5...# ##.##
#h######.# ##.## #.# #.#
#.## #.# #.# ##.## #.# #.#
##.## #.# #.# ###.#
########.######.# #....
#...............######.##.
#........#####............


You could see Natasha and a crimson imp.

Vanquished Creatures
  Natasha (D:2)
  A gnoll (D:1)
  2 adders (D:2)
  3 worms (D:2)
  2 dart slugs (D:1)
  A bat (D:1)
  6 goblins
  4 hobgoblins
  2 jackals (D:1)
  3 kobolds (D:1)
  2 frilled lizards (D:1)
  6 rats
33 creatures vanquished.

Notes
Turn   | Place    | Note
-------+----------+-------------------------------------------
     0 | D:1      | GEC the Ogre Gladiator began the quest for the Orb.
     0 | D:1      | Reached XP level 1. HP: 22/22 MP: 1/1
    18 | D:1      | Reached XP level 2. HP: 20/29 MP: 2/2
   505 | D:1      | Reached XP level 3. HP: 10/37 MP: 3/3
  1965 | D:2      | Reached XP level 4. HP: 41/45 MP: 4/4
  2123 | D:2      | Noticed Natasha
  2198 | D:2      | Killed Natasha
  2643 | D:2      | Noticed Natasha
  2674 | D:2      | Killed from afar by Natasha

Skill      XL: |  1  2  3 |
---------------+----------+-----
Maces & Flails | 3 |  3.6
Fighting       | 3 |  3.6
Dodging        | 3 |  3.2
Throwing       | |  2.7

Action                   |  1- 3 |  4- 6 || total
-------------------------+-------+-------++-------
Melee: Flail             |    89 |    17 ||   106
       Unarmed           |       |    23 ||    23
  Use: Potion            |       |     3 ||     3
  Eat: Chunk             |     3 |     2 ||     5
Armor: Robe              |    10 |     3 ||    13
Dodge: Dodged            |    46 |    17 ||    63
